AoeStats
← juankmolo

Arabia

509526874Analyzed
1v1 RM · 5d ago on Sep 27, 2026· 45m 36s· 2 players
Game mode
Random Map
Map size
Tiny (2 player)
Population
200
Speed
Normal
Resources
Standard
Victory
Conquest
Starting age
Dark Age
Ending age
Imperial Age
RankedLock teamsTeams togetherTeam positionsShared explorationLock speedFull tech treeHidden civsTurbo modeCheats
Victory
Defeat
🇦🇷 Lithuanians · Argentina
972
+14
🇨🇴 Goths · Colombia
920
-14
juankmolo
0:59 Loom
11:10 Feudal Age
11:47 Double-Bit Axe
11:45 Horse Collar
14:53 Wheelbarrow
22:02 Castle Age
21:18 Gold Mining
21:20 Stone Mining
21:36 Scale Mail Armor
22:41 Forging
24:46 Chain Mail Armor
25:17 Bow Saw
25:51 Man-at-Arms
26:56 Long Swordsman
29:20 Iron Casting
30:08 Pikeman
32:56 Squires
36:42 Town Watch
37:54 Town Patrol
43:17 Imperial Age
45:54 Blast Furnace
gua55on
5:06 Loom
10:05 Feudal Age
10:54 Double-Bit Axe
10:52 Horse Collar
15:05 Scale Barding Armor
21:53 Castle Age
22:11 Bloodlines
22:49 Wheelbarrow
22:01 Town Watch
23:23 Gold Mining
24:15 Chain Barding Armor
24:07 Forging
29:25 Iron Casting
38:27 Imperial Age
36:31 Scale Mail Armor
37:55 Atonement
40:16 Plate Barding Armor
39:48 Fletching
40:31 Ballistics
40:06 Murder Holes
39:35 Cavalier
45:12 Town Patrol
Connection lost

Rejoining the realm…

Still unreachable

The connection could not be restored.

Session expired

The server has moved on; the page needs a fresh start.